Map: Ephemeron LE

Players

Kelazhur

  • Race: Terran Terran
  • League: Master
  • Spawn Location: 5:00

ShoWTimE - Winner!

  • Race: Protoss Protoss
  • League: Grandmaster
  • Spawn Location: 11:00

Event: HomeStory Cup XX

VOD

Have the link to the VOD?

Description

Time

  • Played on: Nov. 22, 2019, 10:34 a.m.
  • Length: 18:48

All games in this series

Show
View Real Time Build Order
Export as new Build Order

Kelazhur Terran 

Build Orders: Reaper Expand 

Get SALT Encoding   

  12  0:00  SCV  
  13  0:12  SCV  
  14  0:17  Supply Depot  
  14  0:24  SCV  
  15  0:38  SCV  
  15  0:39  Barracks  
  16  0:44  Refinery  
  16  0:50  SCV  
  17  1:02  SCV  
  18  1:14  SCV  
  19  1:27  Orbital Command, Reaper  
  20  1:46  Command Center  
  20  1:49  Supply Depot  
  20  1:53  SCV  
  21  1:59  Marine  
  22  2:05  SCV  
  23  2:08  Factory  
  23  2:16  Bunker  
  23  2:17  SCV  
  23  2:21  Barracks Reactor  
  24  2:28  Refinery  
  24  2:29  SCV  
  24  2:42  SCV  
  25  2:54  SCV  
  25  2:57  Hellion  
  25  2:58  Marine x2  
  30  2:59  Orbital Command  
  30  3:01  Starport  
  30  3:06  SCV  
  31  3:15  Marine x2  
  31  3:18  SCV  
  34  3:25  Widow Mine, SCV  
  37  3:30  SCV  
  38  3:35  Supply Depot  
  38  3:36  Marine x2  
  38  3:37  SCV  
  38  3:39  Medivac  
  43  3:42  SCV  
  44  3:49  SCV  
  44  3:50  Supply Depot  
  44  3:53  Marine  
  44  3:55  Supply Depot  
  46  3:56  Marine  
  46  3:57  SCV  
  46  3:58  Factory Tech Lab  
  46  4:02  SCV  
  49  4:09  SCV  
  50  4:15  SCV  
  50  4:17  Siege Tank  
  52  4:20  Command Center  
  52  4:22  SCV  
  53  4:29  Marine  
  53  4:30  Marine  
  55  4:32  SCV  
  55  4:34  SCV  
  55  4:37  Starport Tech Lab  
  57  4:42  Barracks  
  57  4:44  SCV, Barracks  
  58  4:46  SCV  
  58  4:47  Marine x2  
  61  4:55  Engineering Bay  
  61  4:56  Refinery x2, SCV  
  61  4:58  SCV, Raven  
  65  5:04  Supply Depot  
  65  5:06  Siege Tank  
  68  5:08  SCV  
  68  5:13  Marine  
  70  5:23  Terran Infantry Weapons Level 1  
  70  5:25  Marine, SCV, Supply Depot  
  70  5:26  SCV  
  73  5:33  Orbital Command  
  72  5:37  SCV  
  72  5:38  SCV  
  74  5:46  Supply Depot  
  74  5:47  Marine x2  
  74  5:48  Stimpack, Marauder  
  74  5:49  SCV  
  79  5:51  Starport Reactor, Marauder, SCV  
  79  5:55  Combat Shield  
  80  5:57  Factory Reactor  
  80  6:01  SCV  
  80  6:02  SCV  
  80  6:03  SCV  
  83  6:06  Marine x2  
  83  6:09  Orbital Command, Supply Depot  
  83  6:10  Marauder  
  87  6:12  Marauder  
  87  6:14  SCV, Supply Depot  
  90  6:24  SCV  
  91  6:26  SCV  
  91  6:27  Barracks  
  91  6:28  Barracks  
  91  6:32  Marine x2  
  92  6:33  Marauder  
  92  6:34  Marauder  
  92  6:37  SCV x2  
  92  6:39  Medivac, Widow Mine x2  
  102  6:41  Supply Depot  
  102  6:45  SCV  
  103  6:49  SCV  
  103  6:51  Marine x2  
  106  6:55  SCV, Engineering Bay, Armory  
  106  6:57  SCV  
  106  6:58  Marauder  
  110  7:02  Marauder  
  110  7:05  SCV  
  110  7:07  SCV  
  114  7:09  SCV  
  114  7:11  Marine x2  
  114  7:14  Refinery  
  114  7:15  Medivac, Widow Mine x2  
  121  7:16  Supply Depot  
  121  7:19  Marauder  
  121  7:22  Barracks Reactor, Barracks Tech Lab  
  127  7:25  Marauder  
  127  7:29  Supply Depot x2  
  127  7:30  Marine  
  127  7:31  Marine  
  127  7:36  Widow Mine x2  
  133  7:37  Concussive Shells  
  133  7:38  Medivac  
  133  7:40  Marauder  
  133  7:43  Marauder  
  139  7:45  Medivac  
  139  7:46  Refinery  
  139  7:50  Marauder  
  142  7:53  Marine x2  
  142  7:54  Terran Infantry Weapons Level 2  
  142  7:55  Terran Infantry Armor Level 1  
  142  7:57  SCV x3  
  143  7:59  Marine  
  143  8:00  Marine  
  143  8:01  Supply Depot  
  143  8:02  Marauder  
  143  8:04  Marauder  
  149  8:13  Marauder, Marine  
  149  8:14  Widow Mine x2  
  156  8:22  Medivac x2  
  156  8:23  Marauder  
  156  8:25  Marauder, Supply Depot  
  156  8:26  Supply Depot  
  164  8:31  Sensor Tower  
  164  8:32  Marine  
  165  8:47  Marauder x3, Widow Mine x2  
  174  8:57  Marine  
  174  9:01  Marine x3  
  178  9:04  Ghost Academy  
  178  9:08  Marauder  
  180  9:11  Supply Depot, Barracks  
  180  9:12  Barracks x2  
  180  9:15  Command Center  
  180  9:17  Marauder  
  171  9:32  Marauder  
  171  9:35  Medivac x2  
  171  9:36  Marine, Widow Mine x2  
  171  9:37  Marine x3  
  157  9:53  Marine  
  157  9:54  Marine  
  157  9:57  Marine x3, Widow Mine  
  157  9:59  Barracks Tech Lab x2  
  158  10:00  Barracks Reactor, Enhanced Shockwaves  
  158  10:01  Terran Infantry Armor Level 2  
  158  10:05  Liberator  
  158  10:06  Liberator  
  158  10:12  Command Center  
  160  10:17  Marine, Unknown  
  165  10:27  Unknown  
  171  10:40  Unknown  
  171  10:41  Marine  
  171  10:42  Marine x4  
  176  10:46  Unknown  
  176  10:49  Widow Mine x2  
  180  10:51  Marine, Marauder x3  
  180  10:55  Supply Depot  
  187  11:02  Marauder, Unknown x2  
  189  11:05  Marine  
  189  11:11  Terran Infantry Weapons Level 3  
  189  11:12  Widow Mine x2  
  189  11:16  Liberator x2  
  189  11:17  Marauder x2  
  193  11:18  Supply Depot  
  193  11:19  Fusion Core  
  184  11:42  Starport  
  184  11:49  Planetary Fortress  
  184  11:51  Missile Turret  
  184  11:52  Command Center  
  184  11:59  Liberator x2  
  179  12:03  Marine x3  
  179  12:04  Marauder x2, Marine x2  
  176  12:08  Liberator  
  169  12:16  SCV x3  
  176  12:23  Advanced Ballistics  
  176  12:28  SCV x3  
  157  12:38  Marine, Marauder  
  157  12:39  Marauder  
  157  12:40  Marine x2, SCV x3, Marauder x2  
  165  12:44  Marine, Marauder  
  165  12:45  Liberator  
  168  12:52  SCV  
  168  12:53  SCV x2  
  171  12:58  Marine x2  
  171  12:59  Marine x2  
  171  13:00  Marauder x2, Widow Mine  
  171  13:01  Liberator x3  
  171  13:04  SCV  
  194  13:21  Widow Mine  
  192  13:29  Liberator  
  192  13:33  Marine x6, Marauder x3  
  192  13:34  Marauder  
  200  13:51  Starport  
  200  13:57  Command Center x2  
  200  14:00  Sensor Tower  
  200  14:01  Command Center  
  200  14:11  Nuke  
  200  14:12  Terran Ship Weapons Level 1  
  188  14:26  Liberator x2  
  188  14:27  Liberator  
  188  14:29  Marauder  
  188  14:30  Marauder  
  182  14:31  Marine  
  182  14:32  Marauder  
  185  14:40  Marine x5, Marauder  
  185  14:41  Marauder  
  191  14:54  Personal Cloaking  
  191  14:55  Marine, Marauder  
  191  14:56  Marine  
  191  14:57  Marauder  
  191  14:58  Marine x3  
  191  14:59  Widow Mine  
  190  15:06  Marine, Marauder  
  184  15:11  Marine  
  184  15:12  Marauder, Marine  
  177  15:14  Marine  
  177  15:16  Marine x3, Marauder  
  177  15:17  Viking  
  166  15:26  Viking  
  166  15:28  Marauder  
  167  15:35  Marauder  
  162  15:38  Marauder  
  162  15:40  Marine  
  161  15:46  Orbital Command, SCV x3  
  161  15:47  Orbital Command  
  161  15:49  Marauder  
  164  15:56  Marauder  
  163  15:57  Viking  
  163  15:59  Marauder  
  163  16:02  SCV x3  
  170  16:12  Marine, Marauder  
  170  16:15  Missile Turret  
  170  16:30  Marine, Marauder x2  
  170  16:32  Orbital Command  
  158  16:35  Viking x2  
  158  16:36  Marine  
  162  16:42  Orbital Command  
  151  16:59  Viking x2  
  147  17:14  Viking x2  
  151  17:17  Orbital Command  
  147  17:32  Marauder  
  147  17:33  Marauder  
  147  17:34  Marauder  
  141  17:45  SCV  
  141  17:46  SCV x2  
  144  17:51  Orbital Command  
  144  17:56  Marauder  
  135  18:13  Marauder  
  135  18:15  Marauder, Marine  
  136  18:21  Marine  
Show
View Real Time Build Order
Export as new Build Order

ShoWTimE Protoss - Winner!

Build Orders: 1 Gate Expand, Double Forge, Phoenix Opening, Blink Stalkers 

Get SALT Encoding   

  12  0:00  Probe  
  13  0:12  Probe  
  14  0:17  Pylon  
  14  0:24  Probe  
  15  0:32  Probe  
  15  0:37  Gateway  
  15  0:40  Probe  
  16  0:46  Assimilator  
  17  0:51  Probe  
  18  1:03  Probe  
  19  1:15  Probe  
  20  1:24  Cybernetics Core  
  20  1:34  Nexus  
  20  1:37  Probe  
  21  1:45  Pylon  
  21  1:50  Probe  
  21  1:53  Assimilator, Adept  
  22  2:02  Probe  
  22  2:06  Warp Gate  
  25  2:11  Probe  
  26  2:19  Probe  
  26  2:23  Sentry  
  26  2:28  Probe  
  30  2:40  Probe  
  30  2:42  Probe, Twilight Council  
  30  2:49  Stalker  
  30  2:50  Probe  
  33  2:52  Probe, Blink  
  35  2:59  Phoenix, Gateway  
  35  3:00  Probe  
  35  3:04  Probe  
  37  3:12  Probe  
  38  3:16  Probe  
  39  3:24  Probe  
  40  3:27  Pylon  
  40  3:29  Probe  
  40  3:33  Robotics Facility  
  41  3:36  Probe  
  41  3:37  Assimilator  
  41  3:41  Probe  
  43  3:48  Probe  
  43  3:53  Probe  
  45  3:56  Pylon  
  45  4:00  Probe  
  45  4:01  Stalker x2  
  50  4:05  Probe  
  50  4:13  Probe  
  51  4:17  Probe  
  51  4:19  Nexus  
  51  4:21  Observer  
  51  4:23  Pylon  
  53  4:25  Probe  
  54  4:34  Probe  
  54  4:35  Stalker x2  
  54  4:37  Probe  
  60  4:41  Observer  
  60  4:42  Pylon  
  60  4:44  Observer  
  61  4:46  Probe  
  61  4:49  Probe  
  63  4:52  Forge  
  63  4:58  Probe, Forge  
  64  5:01  Probe, Protoss Ground Weapons Level 1, Protoss Ground Armor Level 1  
  64  5:02  Phoenix  
  66  5:09  Stalker x2  
  66  5:10  Probe  
  66  5:13  Charge  
  71  5:18  Pylon  
  70  5:26  Gateway x2  
  70  5:33  Observer  
  71  5:36  Gateway  
  71  5:44  Gateway  
  71  5:45  Gateway  
  71  5:48  Gateway  
  71  5:50  Probe x2  
  71  5:54  Sentry  
  71  5:56  Probe  
  76  5:59  Sentry  
  76  6:00  Pylon  
  76  6:02  Probe x2  
  80  6:08  Probe, Pylon  
  81  6:11  Phoenix  
  81  6:13  Immortal  
  81  6:14  Probe x2  
  87  6:21  Zealot x2  
  87  6:23  Pylon  
  87  6:24  Zealot  
  93  6:28  Zealot  
  93  6:31  Pylon  
  95  6:38  Probe x3  
  98  6:40  Assimilator  
  98  6:45  Pylon  
  98  6:51  Zealot x4  
  98  6:53  Immortal  
  110  6:55  Probe  
  110  6:56  Probe x2  
  110  6:57  Assimilator  
  110  6:59  Assimilator  
  113  7:02  Templar Archives  
  113  7:09  Probe x3  
  113  7:14  Zealot x3  
  122  7:20  Pylon  
  122  7:21  Pylon, Psionic Storm  
  122  7:27  Pylon  
  122  7:29  Zealot  
  124  7:30  Zealot x4  
  130  7:37  Zealot x3  
  130  7:41  Protoss Ground Weapons Level 2  
  130  7:42  Protoss Ground Armor Level 2  
  136  7:52  High Templar x4  
  136  7:55  Warp Prism  
  136  7:56  Probe  
  147  8:08  Nexus  
  147  8:09  Pylon  
  147  8:15  Probe x2  
  147  8:16  Photon Cannon  
  149  8:20  High Templar  
  151  8:28  Robotics Bay  
  151  8:29  Pylon  
  151  8:32  Zealot x5  
  161  8:37  Zealot  
  161  8:38  Zealot  
  163  8:48  Probe x3, Robotics Facility  
  166  8:54  Pylon  
  166  9:00  Probe  
  166  9:01  Probe x2  
  167  9:03  Assimilator  
  167  9:05  High Templar  
  167  9:06  Assimilator, Disruptor  
  169  9:11  Stalker x5  
  182  9:32  Zealot x2  
  180  9:39  Stargate  
  180  9:42  Nexus  
  172  9:52  Disruptor  
  171  9:54  Stalker  
  171  9:56  Pylon  
  171  10:00  Pylon  
  171  10:02  Pylon  
  171  10:03  Pylon  
  171  10:09  Pylon  
  171  10:12  Protoss Ground Armor Level 3, Photon Cannon, Protoss Ground Weapons Level 3  
  171  10:14  Disruptor, Photon Cannon  
  171  10:16  Shield Battery  
  171  10:18  Pylon  
  174  10:32  Disruptor  
  176  10:36  Stalker x5  
  186  10:50  Disruptor  
  186  10:54  Fleet Beacon  
  186  10:55  Stargate  
  189  11:05  Oracle  
  189  11:11  Nexus  
  189  11:15  Pylon  
  189  11:16  Protoss Air Weapons Level 1  
  189  11:17  Stargate  
  192  11:21  Stalker x3  
  194  11:32  Stalker x4  
  198  11:46  Dark Shrine  
  198  11:48  Assimilator  
  198  11:50  Probe  
  198  11:52  Assimilator  
  199  11:55  Photon Cannon x2  
  199  11:57  Photon Cannon  
  199  11:59  Photon Cannon  
  195  12:03  Tempest  
  196  12:23  Tempest  
  196  12:24  Tempest  
  196  12:29  Warp Prism  
  182  12:39  Shadow Stride  
  168  12:44  High Templar  
  168  12:45  High Templar  
  168  12:47  Tempest, High Templar  
  168  12:49  Photon Cannon  
  168  12:51  Photon Cannon  
  172  12:53  Photon Cannon, High Templar x2  
  181  13:02  Zealot x3  
  187  13:05  Gateway  
  187  13:07  Gateway  
  187  13:09  Gateway  
  187  13:12  Gateway  
  185  13:20  High Templar  
  184  13:28  Dark Templar x7  
  192  13:45  Pylon, Protoss Shields Level 1  
  192  13:48  Photon Cannon  
  192  13:50  Photon Cannon  
  192  13:52  Photon Cannon  
  192  13:54  Photon Cannon  
  190  13:56  Protoss Air Weapons Level 2  
  190  14:03  Shield Battery  
  190  14:05  Gravitic Boosters, Shield Battery  
  190  14:07  High Templar x3  
  190  14:08  High Templar, Photon Cannon  
  190  14:09  Photon Cannon  
  198  14:12  Dark Templar, Photon Cannon  
  198  14:15  Photon Cannon  
  196  14:28  Disruptor x2  
  185  14:31  Dark Templar  
  185  14:32  Dark Templar x2  
  193  14:46  High Templar  
  193  14:59  Nexus  
  182  15:00  Dark Templar  
  182  15:01  High Templar x2  
  188  15:07  Nexus  
  188  15:13  Nexus  
  180  15:15  Tempest x2  
  180  15:16  Pylon  
  180  15:21  Stalker x2  
  191  15:33  Disruptor  
  191  15:35  Archon  
  182  15:43  Dark Templar x2  
  185  16:04  Assimilator  
  188  16:06  Pylon  
  188  16:09  Photon Cannon  
  188  16:11  Oracle, Photon Cannon  
  185  16:12  Photon Cannon, Protoss Shields Level 2  
  175  16:34  Observer x2  
  171  16:54  Assimilator  
  171  17:00  Phoenix, Zealot x9  
  171  17:01  Zealot x3  
  180  17:15  Assimilator  
  175  17:25  Pylon, Disruptor x2  
  175  17:29  Stalker x12  
  168  17:53  Dark Templar x3, Photon Cannon  
  168  17:55  Photon Cannon  
  168  17:56  Photon Cannon  
  168  17:58  Photon Cannon  
  152  18:20  Zealot x9  
  152  18:21  Pylon  
  162  18:46  Zealot x3  
  162  18:47  Zealot x3  
Tags
 
Add a new tag
Caveats
  • Supply blocks, unpowered buildings, or Contaminate may cause inaccurate times.
  • Supply counts are checked every 10 seconds.